 Dungeon Crawl Stone Soup version 0.25-a0-24-g72dcfe0359 (webtiles) character file.

Game seed: 8686481207864841452, levelgen mode: deterministic

27899 Ablot the Thaumaturge (level 13, -2/101 HPs)
             Began as a Gnoll Skald on Oct 17, 2019.
             Was the Champion of Okawaru.
             Slain by a cyclops (27 damage)
             ... on level 13 of the Dungeon.
             The game lasted 00:44:16 (11335 turns).

Ablot the Thaumaturge (Gnoll Skald)                Turns: 11335, Time: 00:44:16

Health: -2/101     AC: 17    Str: 18    XL:     13   Next: 35%
Magic:  25/35      EV: 18    Int: 21    God:    Okawaru [******]
Gold:   519        SH:  5    Dex: 15    Spells: 18/31 levels left

rFire    + . .     SeeInvis .   M - +10 morningstar "Eos" {elec, Halo rElec}
rCold    . . .     Gourm    .   (no shield)
rNeg     . . .     Faith    .   C - +2 robe {MR+}
rPois    .         Spirit   .   u - +2 hat
rElec    +         Reflect  +   L - +2 cloak
rCorr    .         Harm     .   T - +2 pair of gloves of Sorcery {MP+9 Int+5 Stlth-}
MR       +....                  f - +0 pair of boots
Stlth    +.........             o - +5 amulet of reflection
HPRegen  0.26/turn              t - +3 ring of protection
MPRegen  0.24/turn              y - ring of protection from fire

@: shrouded, singing, glowing
A: distributed training, fangs 1, strong nose
a: Heroism, Finesse, Renounce Religion


You were on level 13 of the Dungeon.
You worshipped Okawaru.
Okawaru was exalted by your worship.
You were not hungry.

You visited 2 branches of the dungeon, and saw 14 of its levels.

You collected 519 gold pieces.

Inventory:

Hand Weapons
 J - the +9 spear "Amygash" {flame, *Contam +Rage rF++ MP-9}
   (You took it off a skeletal warrior on level 7 of the Dungeon)

   It has been specially enchanted to burn those struck by it, causing extra
   injury to most foes and up to half again as much damage against particularly
   susceptible opponents.
   It greatly protects you from fire.
   It affects your magic capacity (-9).
   It lets you go berserk.
   It causes magical contamination when unequipped.
 M - the +10 morningstar "Eos" (weapon) {elec, Halo rElec}
   (You found it on level 7 of the Dungeon)

   Occasionally, upon striking a foe, it will discharge some electrical energy
   and cause terrible harm.
   It insulates you from electricity.
Missiles
 e - 150 sling bullets
 j - 234 arrows
 l - 216 stones
 p - 159 bolts
 P - 12 poisoned darts (quivered)
Armour
 f - a +0 pair of boots (worn)
 u - a +2 hat (worn)
 C - a +2 robe of magic resistance (worn)
 L - a +2 cloak (worn)
 T - the +2 pair of gloves of Sorcery (worn) {MP+9 Int+5 Stlth-}
   (Okawaru gifted it to you on level 11 of the Dungeon)

   It affects your intelligence (+5).
   It affects your magic capacity (+9).
   It makes you less stealthy.
 U - the +8 orange crystal plate armour {Archmagi, Int+3 Clar}
   (You found it on level 13 of the Dungeon)

   It affects your intelligence (+3).
   It protects you against confusion.
Jewellery
 i - an uncursed ring of protection from cold
 o - a +5 amulet of reflection (around neck)
 t - a +3 ring of protection (left hand)
 x - an uncursed ring of fire
 y - a ring of protection from fire (right hand)
 z - an uncursed ring of see invisible
Wands
 A - a wand of disintegration (11)
 K - a wand of digging (9)
 Q - a wand of acid (7)
 S - a wand of random effects (22)
Scrolls
 b - 4 scrolls of enchant armour {unknown}
 c - 2 scrolls of random uselessness {unknown}
 g - 3 scrolls of fog {unknown}
 q - 2 scrolls of amnesia {unknown}
 s - 3 scrolls of remove curse
 v - 4 scrolls of magic mapping
 w - 5 scrolls of teleportation
 B - 3 scrolls of torment {unknown}
 G - a scroll of silence {unknown}
 H - 3 scrolls of blinking
 I - 3 scrolls of enchant weapon {unknown}
 N - a scroll of immolation {unknown}
Potions
 h - 4 potions of brilliance
 k - 2 potions of ambrosia
 m - a potion of cancellation
 n - 2 potions of haste
 r - 10 potions of curing
 D - a potion of magic {unknown}
 E - a potion of resistance {unknown}
 F - 2 potions of lignification
 O - a potion of mutation {unknown}
Miscellaneous
 R - a lamp of fire
Comestibles
 a - 4 chunks of flesh
 d - 20 rations


   Skills:
 + Level 9.3 Fighting
 + Level 8.1 Short Blades
 + Level 8.1 Long Blades
 + Level 8.1 Axes
 + Level 8.1 Maces & Flails
 + Level 9.3 Polearms
 + Level 8.1 Staves
 + Level 8.1 Slings
 + Level 8.1 Bows
 + Level 8.1 Crossbows
 + Level 8.1 Throwing
 + Level 8.5 Armour
 + Level 9.3 Dodging
 + Level 8.1 Stealth
 + Level 8.1 Shields
 + Level 8.1 Unarmed Combat
 + Level 9.5 Spellcasting
 + Level 6.7 Conjurations
 + Level 6.7 Hexes
 + Level 8.7 Charms
 + Level 6.7 Summonings
 + Level 6.7 Necromancy
 + Level 6.7 Translocations
 + Level 6.7 Transmutations
 + Level 6.7 Fire Magic
 + Level 6.7 Ice Magic
 + Level 6.7 Air Magic
 + Level 6.7 Earth Magic
 + Level 6.7 Poison Magic
 + Level 8.8 Invocations
 + Level 8.1 Evocations


You had 18 spell levels left.
You knew the following spells:

 Your Spells              Type           Power        Failure   Level  Hunger
a - Infusion              Chrm           ####         1%          1    None
b - Song of Slaying       Chrm           #####...     1%          2    None
c - Shroud of Golubria    Chrm/Tloc      #####.       1%          2    None
d - Regeneration          Chrm/Necr      #####.....   1%          3    None
e - Spectral Weapon       Hex/Chrm       #####...     1%          3    None
f - Passwall              Tmut/Erth      #####...     1%          2    None

Your spell library contained the following spells:

 Spells                   Type           Power        Failure   Level  Hunger
 Sandblast                Erth           #####.       1%          1    None
 Stone Arrow              Conj/Erth      #####.       1%          3    None
 Petrify                  Tmut/Erth      #####...     4%          4    ##.....
 Lee's Rapid Deconstruct  Erth           #####.....   12%         5    ####...


Dungeon Overview and Level Annotations

Branches:
Dungeon (13/15)            Temple (1/1) D:6            Lair (0/6) D:8
    Orc (0/2) D:9
 Vaults: D:13-14

Altars:
Ashenzari
Cheibriados
Dithmenos
Elyvilon
Fedhas
Gozag
Hepliaklqana
Kikubaaqudgha
Makhleb
Nemelex Xobeh
Okawaru
Qazlal
Ru
Sif Muna
Trog
Uskayaw
Vehumet
Wu Jian
Xom
Yredelemnul
Zin
The Shining One

Shops:
D:6 [

Annotations:
D:4 trapped angel
D:13 exclusion: 2 doors


Innate Abilities, Weirdness & Mutations

Your experience applies equally to all skills.
You have very sharp teeth.
Your uncanny sense of smell can sniff out nearby items.


Message History

You block the bullfrog zombie's attack.
Unknown command.
You bludgeon the bullfrog zombie!!
Lightning courses through the bullfrog zombie!
You destroy the bullfrog zombie!
Okawaru accepts your kill.
The centaur shoots an arrow.
The arrow hits you!
The cyclops throws a large rock.
The large rock hits you!
* * * LOW HITPOINT WARNING * * *
The centaur unwields a +0 shortbow.
The centaur completely misses you. The centaur misses you.
The cyclops completely misses you.
Items here: (( ))))) [[ ††††††† You impale the centaur!!
Lightning courses through the centaur!
You kill the centaur!
Okawaru accepts your kill.
Unknown command.
You impale the cyclops!! Lightning courses through the cyclops!
The cyclops is severely wounded.
The cyclops hits you!!
You die...

## ##. . #.. .#
... ... #.#
$..#
##.####$##.....
......))C......
##@# ### #((#
... #(## ##.# ∆
#..# #### ##.##
...## ∆ #(.#
##... ## ##.##
..... .#) #..#


You could see a cyclops and a friendly spectral +10 morningstar "Eos" {elec,
Halo rElec}.

Vanquished Creatures
  Nessos (D:12)
  A yaktaur captain (D:13)
  Erolcha (D:9)
  Erica (D:8)
  A centaur warrior (D:13)
  2 two-headed ogres
  A tengu warrior (D:13)
  A skeletal warrior (D:7)
  2 unseen horrors
  Pikel (D:5)
  A cyclops (D:11)
  4 ugly things
  A centaur zombie (D:11)
  A gargoyle (D:11)
  2 yaktaurs (D:13)
  A kobold demonologist (D:12)
  An efreet (D:12)
  A tengu conjurer (D:13)
  3 trolls
  5 hornets
  9 slime creatures
  Sigmund (D:5)
  4 hippogriffs
  2 vampires
  2 wraiths
  7 yaks
  3 wyverns
  6 vampire mosquitoes
  A steam dragon (D:7)
  Menkaure (D:7)
  An acid dragon (D:13)
  2 soldier ants (D:11)
  Duvessa (D:7)
  2 ice beasts
  9 orc warriors
  3 sky beasts
  3 black bears
  A necrophage (D:7)
  12 ogres
  8 centaurs
  6 phantoms
  2 big kobolds
  9 bullfrogs
  Dowan (D:7)
  A water moccasin skeleton (D:7)
  3 scorpions
  21 killer bees
  10 wights
  4 howler monkeys
  3 crimson imps
  4 bullfrog zombies
  5 hounds
  2 quasits
  9 orc priests
  3 centaur skeletons
  6 jellies
  11 orc wizards
  Crazy Yiuf (D:7)
  2 bullfrog skeletons
  3 iguanas
  12 worker ants
  2 hound skeletons
  A howler monkey zombie (D:7)
  3 worker ant zombies
  4 gnolls (D:2)
  16 adders
  4 shadow imps
  2 adder skeletons (D:4)
  4 worms
  3 dart slugs
  6 leopard geckos
  45 orcs
  3 ball pythons
  A giant cockroach (D:2)
  11 hobgoblins
  20 jackals
  9 quokkas
  6 bats
  2 frilled lizards (D:1)
  9 goblins
  12 kobolds
  A leopard gecko zombie (D:7)
  2 quokka skeletons
  4 rats
  A fungus (D:7)
399 creatures vanquished.

Vanquished Creatures (others)
  An eye of draining (D:12)
  A wight (D:12)
  An orc wizard (D:12)
  A worm (D:6)
  An orc (D:12)
  A kobold (D:12)
  8 spectral weapons
14 creatures vanquished.

Grand Total: 413 creatures vanquished

Notes
Turn   | Place    | Note
-------+----------+-------------------------------------------
     0 | D:1      | Ablot the Gnoll Skald began the quest for the Orb.
     0 | D:1      | Reached XP level 1. HP: 20/20 MP: 6/6
   143 | D:1      | Reached XP level 2. HP: 23/26 MP: 7/7
   148 | D:1      | Learned a level 2 spell: Song of Slaying
   151 | D:1      | Learned a level 2 spell: Shroud of Golubria
   561 | D:1      | Reached XP level 3. HP: 31/31 MP: 9/9
   566 | D:1      | Learned a level 3 spell: Regeneration
   570 | D:1      | Learned a level 3 spell: Spectral Weapon
   752 | D:2      | Reached skill level 5 in Spellcasting
   934 | D:2      | Reached skill level 1 in Invocations
   977 | D:2      | Reached skill level 1 in Short Blades
   977 | D:2      | Reached skill level 1 in Long Blades
   977 | D:2      | Reached skill level 1 in Axes
   977 | D:2      | Reached skill level 1 in Maces & Flails
   977 | D:2      | Reached skill level 1 in Staves
   977 | D:2      | Reached skill level 1 in Slings
   977 | D:2      | Reached skill level 1 in Bows
   977 | D:2      | Reached skill level 1 in Crossbows
   977 | D:2      | Reached skill level 1 in Throwing
   977 | D:2      | Reached skill level 1 in Stealth
   977 | D:2      | Reached skill level 1 in Shields
   977 | D:2      | Reached skill level 1 in Unarmed Combat
   977 | D:2      | Reached skill level 1 in Evocations
  1025 | D:2      | Reached XP level 4. HP: 32/38 MP: 8/11
  1044 | D:2      | Found a white marble altar of Elyvilon.
  1528 | D:2      | Reached skill level 1 in Conjurations
  1528 | D:2      | Reached skill level 1 in Hexes
  1528 | D:2      | Reached skill level 1 in Summonings
  1528 | D:2      | Reached skill level 1 in Necromancy
  1528 | D:2      | Reached skill level 1 in Translocations
  1528 | D:2      | Reached skill level 1 in Transmutations
  1528 | D:2      | Reached skill level 1 in Fire Magic
  1528 | D:2      | Reached skill level 1 in Ice Magic
  1528 | D:2      | Reached skill level 1 in Air Magic
  1528 | D:2      | Reached skill level 1 in Earth Magic
  1528 | D:2      | Reached skill level 1 in Poison Magic
  1804 | D:3      | Found a shadowy altar of Dithmenos.
  1831 | D:3      | Reached XP level 5. HP: 39/43 MP: 12/12
  2475 | D:4      | Reached XP level 6. HP: 46/50 MP: 5/13
  2652 | D:4      | Found a hazy altar of Hepliaklqana.
  2765 | D:4      | Reached skill level 5 in Fighting
  2765 | D:4      | Reached skill level 5 in Polearms
  2765 | D:4      | Reached skill level 5 in Dodging
  2816 | D:4      | Found a glowing silver altar of Zin.
  2816 | D:4      | Noticed an angel
  3123 | D:5      | Entered Level 5 of the Dungeon
  3123 | D:5      | Noticed Pikel
  3123 | D:5      | Noticed a slave
  3123 | D:5      | Noticed a slave
  3123 | D:5      | Noticed a slave
  3123 | D:5      | Noticed a slave
  3295 | D:5      | Killed Pikel
  3295 | D:5      | Reached XP level 7. HP: 40/56 MP: 4/15
  3337 | D:5      | Reached XP level 8. HP: 52/63 MP: 6/16
  3449 | D:5      | Noticed Sigmund
  3459 | D:5      | Killed Sigmund
  4034 | D:6      | Found a staircase to the Ecumenical Temple.
  4042 | D:6      | Noticed a green ugly thing
  4045 | Temple   | Entered the Ecumenical Temple
  4431 | D:6      | Found a shimmering altar of Xom.
  4544 | D:6      | Reached XP level 9. HP: 67/69 MP: 13/18
  5095 | D:6      | Found a stormy altar of Qazlal.
  5110 | D:6      | Reached skill level 5 in Armour
  5180 | D:6      | Found a sacrificial altar of Ru.
  5181 | D:6      | Found a bloodstained altar of Trog.
  5188 | D:6      | Found an iron altar of Okawaru.
  5190 | D:6      | Found a shattered altar of Ashenzari.
  5194 | D:6      | Found a sparkling altar of Nemelex Xobeh.
  5197 | D:6      | Became a worshipper of Warmaster Okawaru
  5275 | D:6      | Killed a green ugly thing
  5280 | D:6      | Found Ostriy Otas's Armour Shop.
  5306 | D:6      | You fall into a shaft and drop 2 floors!
  5441 | D:8      | Noticed Erica
  5499 | D:7      | Noticed a +0 dagger
  5499 | D:7      | Noticed a +0 hand axe
  5500 | D:7      | Found a hide-covered altar of Uskayaw.
  5559 | D:7      | Found a runed translucent door.
  5560 | D:7      | Found the +10 morningstar "Eos" {elec, Halo rElec}
  5560 | D:7      | Noticed Crazy Yiuf
  5697 | D:6      | Found a burning altar of Makhleb.
  5798 | D:7      | Found a blossoming altar of Fedhas.
  6000 | D:7      | Reached * piety under Okawaru
  6000 | D:7      | Reached skill level 5 in Invocations
  6138 | D:7      | Noticed Dowan
  6140 | D:7      | Noticed Duvessa
  6149 | D:7      | Killed Duvessa
  6149 | D:7      | Reached XP level 10. HP: 61/77 MP: 15/20
  6152 | D:7      | Killed Dowan
  6232 | D:7      | Noticed Menkaure
  6243 | D:7      | Killed Menkaure
  6317 | D:7      | Reached ** piety under Okawaru
  6319 | D:7      | Reached skill level 5 in Short Blades
  6319 | D:7      | Reached skill level 5 in Long Blades
  6319 | D:7      | Reached skill level 5 in Axes
  6319 | D:7      | Reached skill level 5 in Maces & Flails
  6319 | D:7      | Reached skill level 5 in Staves
  6319 | D:7      | Reached skill level 5 in Slings
  6319 | D:7      | Reached skill level 5 in Bows
  6319 | D:7      | Reached skill level 5 in Crossbows
  6319 | D:7      | Reached skill level 5 in Throwing
  6319 | D:7      | Reached skill level 5 in Stealth
  6319 | D:7      | Reached skill level 5 in Shields
  6319 | D:7      | Reached skill level 5 in Unarmed Combat
  6319 | D:7      | Reached skill level 5 in Evocations
  6491 | D:7      | Noticed an unseen horror
  6497 | D:7      | Killed an unseen horror
  6512 | D:7      | Reached *** piety under Okawaru
  6647 | D:7      | Identified the +9 spear "Amygash" {flame, *Contam +Rage
                  | rF++ MP-9}
  6647 | D:7      | Noticed a skeletal warrior
  6771 | D:7      | Killed Crazy Yiuf
  6987 | D:7      | Identified the +9 plate armour of the Guild-Master {Int+3}
  6994 | D:7      | Killed a skeletal warrior
  7201 | D:8      | Noticed a two-headed ogre
  7223 | D:8      | Killed a two-headed ogre
  7223 | D:8      | Reached **** piety under Okawaru
  7223 | D:8      | Reached XP level 11. HP: 49/84 MP: 8/22
  7424 | D:8      | Found a staircase to the Lair.
  7719 | D:8      | Killed Erica
  7763 | D:9      | Noticed Erolcha
  7771 | D:9      | Killed Erolcha
  7771 | D:9      | Reached skill level 5 in Conjurations
  7771 | D:9      | Reached skill level 5 in Hexes
  7771 | D:9      | Reached skill level 5 in Summonings
  7771 | D:9      | Reached skill level 5 in Necromancy
  7771 | D:9      | Reached skill level 5 in Translocations
  7771 | D:9      | Reached skill level 5 in Transmutations
  7771 | D:9      | Reached skill level 5 in Fire Magic
  7771 | D:9      | Reached skill level 5 in Ice Magic
  7771 | D:9      | Reached skill level 5 in Air Magic
  7771 | D:9      | Reached skill level 5 in Earth Magic
  7771 | D:9      | Reached skill level 5 in Poison Magic
  8100 | D:9      | Found a staircase to the Orcish Mines.
  8228 | D:9      | You fall into a shaft and drop 1 floor!
  8228 | D:10     | Entered Level 10 of the Dungeon
  8277 | D:9      | Received a gift from Okawaru
  8507 | D:9      | Reached ***** piety under Okawaru
  8518 | D:9      | Received a gift from Okawaru
  9321 | D:11     | Received a gift from Okawaru
  9410 | D:11     | Noticed a cyclops
  9417 | D:11     | Killed a cyclops
  9474 | D:11     | Noticed a red ugly thing
  9481 | D:11     | Killed a red ugly thing
  9483 | D:11     | Reached XP level 12. HP: 85/93 MP: 17/24
  9542 | D:11     | Received a gift from Okawaru
  9724 | D:11     | Received a gift from Okawaru
 10124 | D:11     | Received a gift from Okawaru
 10137 | D:11     | Got a pair of dazzling gloves {god gift}
 10148 | D:11     | Identified the +2 pair of gloves of Sorcery {MP+9 Int+5
                  | Stlth-} (Okawaru gifted it to you on level 11 of the
                  | Dungeon)
 10434 | D:12     | Noticed a sun demon
 10571 | D:12     | Learned a level 2 spell: Passwall
 10580 | D:12     | Noticed Nessos
 10746 | D:12     | Killed Nessos
 10777 | D:12     | Noticed a two-headed ogre
 10785 | D:12     | Killed a two-headed ogre
 11065 | D:13     | Reached XP level 13. HP: 92/101 MP: 25/26
 11200 | D:13     | Found the +8 orange crystal plate armour {Archmagi, Int+3
                  | Clar}
 11264 | D:13     | Noticed a deep elf high priest
 11303 | D:13     | Noticed a yaktaur captain
 11310 | D:13     | Killed a yaktaur captain
 11312 | D:13     | Reached ****** piety under Okawaru
 11335 | D:13     | Slain by a cyclops

Levels and vault maps discovered:
D:1:      eino_arrival_water_cross, layout_basic
D:2:      layout_loops_cross, elyvilon_altar_5
D:3:      layout_loops_ring, first_ration, grunt_dithmenos_smoke
D:4:      layout_loops_ring, zin_angel, lemuel_coloured_pillars_altar
D:5:      layout_basic, uniq_sigmund, uniq_pikel
D:6:      layout_cave_pools, kennysheep_mini_moat, makhleb_heckhound_becter,
          minitemple, minmay_temple_entry_stoned_glass, serial_shops, shop,
          lemuel_statue_altar
D:7:      minmay_the_grid_octo_tiled_squarecenter [minmay_the_grid_octo_toaster,
          minmay_the_grid_octo_checkerflower, minmay_the_grid_octo_clover_2,
          minmay_the_grid_octo_77, minmay_the_grid_square_5x5_megaprize_diamond,
          minmay_the_grid_square_5x5_z, minmay_the_grid_square_5x5_minibox,
          minmay_the_grid_square_5x5_three_walls,
          minmay_the_grid_square_5x5_two_walls_a], layout_loops_cross,
          lemuel_doored_altar, dancing_weapons_uskayaw, uniq_crazy_yiuf_cottage,
          uniq_menkaure, uniq_duvessa
D:8:      layout_basic, lair_entry_dummy, uniq_erica
D:9:      layout_rooms, david_orc_3, uniq_erolcha
D:10:     layout_small_grid, hangedman_decor_peaks_small
D:11:     layout_loops_corners, hangedman_pestilent_swarm
D:12:     layout_big_octagon, uniq_nessos
D:13:     layout_rooms, david_vaults_2, kennysheep_four_rooms
Temple:   jpeg_temple_island

Skill      XL: |  1  2  3  4  5  6  7  8  9 10 11 12 13 |
---------------+----------------------------------------+-----
Spellcasting   | 5 6 7 8 9 |  9.5
Invocations    | 1 3 4 5 6 7 8 |  8.8
Short Blades   | 1 2 3 4 5 6 7 8 |  8.1
Long Blades    | 1 2 3 4 5 6 7 8 |  8.1
Axes           | 1 2 3 4 5 6 7 8 |  8.1
Maces & Flails | 1 2 3 4 5 6 7 8 |  8.1
Staves         | 1 2 3 4 5 6 7 8 |  8.1
Slings         | 1 2 3 4 5 6 7 8 |  8.1
Bows           | 1 2 3 4 5 6 7 8 |  8.1
Crossbows      | 1 2 3 4 5 6 7 8 |  8.1
Throwing       | 1 2 3 4 5 6 7 8 |  8.1
Stealth        | 1 2 3 4 5 6 7 8 |  8.1
Shields        | 1 2 3 4 5 6 7 8 |  8.1
Unarmed Combat | 1 2 3 4 5 6 7 8 |  8.1
Evocations     | 1 2 3 4 5 6 7 8 |  8.1
Conjurations   | 1 2 3 4 5 6 |  6.7
Hexes          | 1 2 3 4 5 6 |  6.7
Summonings     | 1 2 3 4 5 6 |  6.7
Necromancy     | 1 2 3 4 5 6 |  6.7
Translocations | 1 2 3 4 5 6 |  6.7
Transmutations | 1 2 3 4 5 6 |  6.7
Fire Magic     | 1 2 3 4 5 6 |  6.7
Ice Magic      | 1 2 3 4 5 6 |  6.7
Air Magic      | 1 2 3 4 5 6 |  6.7
Earth Magic    | 1 2 3 4 5 6 |  6.7
Poison Magic   | 1 2 3 4 5 6 |  6.7
Armour         | 3 4 5 6 7 8 |  8.5
Fighting       | 5 6 7 8 9 |  9.3
Polearms       | 5 6 7 8 9 |  9.3
Dodging        | 5 6 7 8 9 |  9.3
Charms         | 6 7 8 |  8.7

Action                   |  1- 3 |  4- 6 |  7- 9 | 10-12 | 13-15 || total
-------------------------+-------+-------+-------+-------+-------++-------
Melee: Spear             |   110 |   254 |     1 |       |       ||   365
       Bite              |     7 |    16 |    27 |    47 |    10 ||   107
       Punch             |     1 |     1 |     5 |    16 |     3 ||    26
       Whip              |       |       |   218 |   116 |       ||   334
       Morningstar       |       |       |       |   354 |    51 ||   405
Throw: Stone             |       |       |     1 |     5 |       ||     6
       Dart              |       |       |       |    11 |       ||    11
 Cast: Shroud of Golubri |     7 |    20 |    30 |    73 |     8 ||   138
       Song of Slaying   |     2 |     1 |     1 |    14 |     1 ||    19
       Regeneration      |     1 |     3 |    17 |    37 |     1 ||    59
       Spectral Weapon   |       |     7 |    15 |    32 |     5 ||    59
       Infusion          |       |     3 |     3 |     7 |       ||    13
  Use: Scroll            |       |     4 |     2 |     9 |       ||    15
       Potion            |       |       |       |     3 |       ||     3
 Stab: Distracted        |     1 |       |     3 |     1 |     1 ||     6
       Sleeping          |       |     3 |     9 |     3 |       ||    15
  Eat: Chunk             |     1 |     8 |    10 |    17 |     2 ||    38
       Ration            |       |       |     1 |       |       ||     1
Armor: Leather armour    |    16 |    51 |     1 |       |       ||    68
       Robe              |       |       |    33 |   113 |    18 ||   164
Dodge: Dodged            |    51 |   142 |   162 |   433 |    48 ||   836
Block: Other             |       |       |       |    97 |     9 ||   106
       Reflection        |       |       |       |    11 |       ||    11

Table legend:
 A = Non-vault XP
 B = Vault XP
 C = Vault XP percentage of total XP
 D = Non-vault monster count
 E = Vault monster count
 F = Vault count percentage of total count
                 A         B        C        D         E       F
            +---------+---------+-------+---------+---------+-------
      Total |   28512 |   11345 |  28.5 |     348 |      51 |  12.8
            +---------+---------+-------+---------+---------+-------
        D:1 |      37 |       0 |   0.0 |      22 |       0 |   0.0
        D:2 |      97 |       0 |   0.0 |      25 |       0 |   0.0
        D:3 |      63 |       0 |   0.0 |      19 |       0 |   0.0
        D:4 |     291 |       0 |   0.0 |      18 |       0 |   0.0
        D:5 |     545 |     882 |  61.8 |      20 |       2 |   9.1
        D:6 |    1938 |      46 |   2.3 |      34 |       1 |   2.9
        D:7 |     844 |    3673 |  81.3 |      18 |      27 |  60.0
        D:8 |    1728 |     934 |  35.1 |      20 |       1 |   4.8
        D:9 |    2969 |    1369 |  31.6 |      36 |      10 |  21.7
       D:10 |    1134 |       0 |   0.0 |      28 |       0 |   0.0
       D:11 |    6360 |     880 |  12.2 |      37 |       4 |   9.8
       D:12 |    6344 |    1353 |  17.6 |      45 |       1 |   2.2
       D:13 |    6162 |    2208 |  26.4 |      26 |       5 |  16.1
            +---------+---------+-------+---------+---------+-------
